 Dungeon Crawl Stone Soup version 0.19.4-8-ga85b6b9 (webtiles) character file.

322 Naksu the Cudgeler (level 6, 0/53 HPs)
             Began as a Minotaur Fighter on Feb 10, 2017.
             Slain by a slave (2 damage)
             ... led by Pikel
             ... on level 4 of the Dungeon.
             The game lasted 00:06:26 (2067 turns).

Naksu the Cudgeler (Minotaur Fighter)               Turns: 2067, Time: 00:06:26

Health: 0/53       AC:  7    Str: 21    XL:     6   Next: 22%
Magic:  5/5        EV:  8    Int:  5    God:
Gold:   89         SH: 10    Dex: 11    Spells: 0 memorised, 5 levels left

rFire  + . .     SeeInvis .     C - staff of fire
rCold  . . .     Gourm    .     b - +0 scale mail
rNeg   . . .     Faith    .     c - +0 shield
rPois  .         Spirit   .     (helmet restricted)
rElec  .         Reflect  .     (no cloak)
rCorr  .         Harm     .     (no gloves)
MR     .....                    (no boots)
Stlth  ..........               (no amulet)
                                (no ring)
                                (no ring)

@: no status effects
A: retaliatory headbutt, horns 2
a: no special abilities


You were on level 4 of the Dungeon.
You were hungry.

You visited 1 branch of the dungeon, and saw 4 of its levels.

You collected 89 gold pieces.

Inventory:

Hand Weapons
 a - a +0 flail
 r - a +2 mace of crushing
 v - a +0 mace
 y - a cursed -1 falchion
Missiles
 w - a tomahawk of dispersal (quivered)
Armour
 b - a +0 scale mail (worn)
 c - a +0 shield (worn)
 k - a +1 leather armour of magic resistance
 n - a +0 scale mail
Magical Staves
 x - an uncursed staff of wizardry
 C - an uncursed staff of fire (weapon)
Jewellery
 A - a cursed ring of teleportation
 B - an uncursed ring of ice
Scrolls
 e - a scroll of identify
 j - a scroll of magic mapping {unknown}
 m - 3 scrolls of teleportation {unknown}
 p - 4 scrolls of remove curse {unknown}
 q - 2 scrolls of fear {unknown}
 t - a scroll of noise {unknown}
Potions
 d - 2 potions of might
 h - a potion of berserk rage {unknown}
 l - a potion of curing {unknown}
 o - a potion of heal wounds {unknown}
 s - a potion of brilliance {unknown}
 u - a potion of invisibility {unknown}
 z - a potion of haste {unknown}
Comestibles
 f - 5 bread rations
 g - a royal jelly
 i - 3 meat rations


   Skills:
 + Level 4.5 Fighting
 + Level 5.3 Maces & Flails
 + Level 4.7 Armour
 + Level 2.0 Dodging
 + Level 0.3 Stealth
 + Level 4.7 Shields


You had 5 spell levels left.
You didn't know any spells.

Dungeon Overview and Level Annotations

Branches:
Dungeon (4/15)
 Temple: D:4-7

Altars:

Annotations:
D:4 Pikel


Innate Abilities, Weirdness & Mutations

You reflexively headbutt those who attack you in melee.
You have a pair of horns on your head.


Message History

Pikel is lightly wounded.
The slave hits you. You block the slave's attack. The slave barely misses you.
The slave hits you.
* * * LOW HITPOINT WARNING * * *
You block Pikel's attack.
You hit Pikel but do no damage.
Pikel is lightly wounded.
The slave hits you!
* * * LOW HITPOINT WARNING * * *
The slave hits you but does no damage. The slave barely misses you.
You furiously retaliate!
You headbutt the slave, but do no damage.
You block the slave's attack. Pikel hits you with a whip of freezing.
* * * LOW HITPOINT WARNING * * *
Pikel freezes you.
* * * LOW HITPOINT WARNING * * *
You block the slave's attack.
Pikel says, "It's all about the gold, really."
The slave hits you.
You die...

#.............
##.....####### ##.....##
### #.......+ #.. #.......#
#.. #######...#### ###
##..#..#...#########
#....#.........#....
#..@.#.........#.... ##
#.p.##.....##..#....
#.###p####....)# ..##...
#...#p.........##..##<.#
#..#..K.........).....##..#
#..).......##.....##...#...
#......##..##..)†.##...#...
#......###+##..........#...
#...../#..........##..#####


You could see 3 slaves.

Vanquished Creatures
  An ogre (D:4)
  An orc priest (D:3)
  An orc wizard (D:3)
  An iguana (D:4)
  A worker ant (D:4)
  4 gnolls (D:4)
  2 adders (D:2)
  A worm (D:2)
  2 dart slugs
  A leopard gecko (D:4)
  14 orcs (D:3)
  5 bats
  A giant cockroach (D:1)
  8 goblins
  5 hobgoblins
  2 jackals (D:3)
  4 frilled lizards
  2 kobolds
  7 rats
63 creatures vanquished.

Notes
Turn   | Place    | Note
-------+----------+-------------------------------------------
     0 | D:1      | Naksu the Minotaur Fighter began the quest for the Orb.
     0 | D:1      | Reached XP level 1. HP: 19/19 MP: 0/0
   192 | D:1      | Reached XP level 2. HP: 25/27 MP: 1/1
   885 | D:2      | Reached skill level 3 in Maces & Flails
   885 | D:2      | Reached XP level 3. HP: 27/33 MP: 2/2
  1135 | D:2      | Reached skill level 1 in Dodging
  1372 | D:3      | Reached XP level 4. HP: 40/40 MP: 3/3
  1535 | D:3      | Reached skill level 4 in Maces & Flails
  1622 | D:3      | Reached XP level 5. HP: 44/46 MP: 4/4
  2020 | D:4      | Reached skill level 5 in Maces & Flails
  2024 | D:4      | Noticed an ogre
  2033 | D:4      | Killed an ogre
  2033 | D:4      | Reached XP level 6. HP: 22/53 MP: 5/5
  2054 | D:4      | Noticed a slave
  2055 | D:4      | Noticed Pikel
  2056 | D:4      | Noticed a slave
  2056 | D:4      | Noticed a slave
  2056 | D:4      | Noticed a slave
  2062 | D:4      | HP: 1/53 [Pikel/whip of freezing (2)]
  2067 | D:4      | Slain by a slave

Skill      XL: |  1  2  3  4  5 |
---------------+----------------+-----
Armour         | 4 |  4.7
Shields        | 4 |  4.7
Fighting       | 4 |  4.5
Maces & Flails | 3 4 5 |  5.3
Dodging        | 1 2 |  2.0
Stealth        | |  0.3

Action                   |  1- 3 |  4- 6 || total
-------------------------+-------+-------++-------
Melee: Flail             |    71 |       ||    71
       Headbutt          |     9 |    13 ||    22
       Mace              |    12 |    80 ||    92
       Staff             |       |     4 ||     4
  Use: Scroll            |       |     5 ||     5
  Eat: Chunk             |     1 |     2 ||     3
Armor: Scale mail        |    40 |    26 ||    66
Dodge: Dodged            |    24 |    27 ||    51
Block: Shield            |    54 |    43 ||    97
